Map: Acropolis LE

Players

HellraiseR

  • Race: Protoss Protoss
  • Spawn Location: 5:00

soO - Winner!

  • Race: Zerg Zerg
  • League: Master
  • Spawn Location: 11:00

Event: HomeStory Cup XX

VOD

Have the link to the VOD?

Description

Time

  • Played on: Nov. 22, 2019, 7:08 a.m.
  • Length: 3:53

All games in this series

Show
View Real Time Build Order
Export as new Build Order

HellraiseR Protoss 

Build Orders: 1 Gate Expand, Oracle Opening 

Get SALT Encoding   

  12  0:00  Probe  
  13  0:12  Probe  
  14  0:20  Pylon  
  14  0:24  Probe  
  15  0:34  Probe  
  15  0:39  Gateway  
  15  0:42  Probe  
  16  0:48  Assimilator  
  17  0:52  Probe  
  18  1:05  Probe  
  19  1:20  Nexus  
  19  1:24  Probe  
  20  1:34  Cybernetics Core  
  20  1:37  Probe  
  21  1:43  Assimilator  
  21  1:49  Probe  
  21  1:53  Pylon  
  22  2:01  Adept, Probe  
  23  2:10  Probe  
  26  2:18  Probe  
  26  2:19  Stargate  
  26  2:27  Probe  
  26  2:29  Probe  
  26  2:36  Adept  
  30  2:38  Probe  
  30  2:39  Probe  
  32  2:49  Probe  
  33  2:51  Probe  
  34  3:01  Probe  
  34  3:02  Oracle  
  34  3:04  Probe  
  39  3:13  Probe  
  39  3:16  Probe  
  41  3:20  Gateway  
  41  3:25  Probe  
  40  3:40  Shield Battery  
Show
View Real Time Build Order
Export as new Build Order

soO Zerg - Winner!

Build Orders: Pool First 

Get SALT Encoding   

  12  0:00  Drone  
  13  0:12  Overlord  
  13  0:16  Drone  
  14  0:30  Drone  
  14  0:31  Drone  
  16  0:42  Drone  
  17  0:43  Extractor  
  17  0:48  Spawning Pool  
  15  0:50  Drone  
  15  0:56  Drone  
  17  1:09  Drone  
  18  1:19  Hatchery  
  18  1:23  Drone  
  18  1:34  Zergling x2  
  18  1:38  Queen  
  21  1:46  Metabolic Boost  
  21  1:54  Roach Warren  
  21  1:58  Drone  
  21  2:06  Overlord  
  21  2:17  Zergling x2  
  21  2:18  Overlord  
  22  2:36  Roach x3  
  28  2:43  Roach x2  
  32  2:59  Roach  
  32  3:00  Roach  
  36  3:06  Zergling x6  
  37  3:15  Zergling x4  
  38  3:21  Zergling x2  
  39  3:32  Zergling x4  
  40  3:40  Ravager  
Tags
 
Add a new tag
Caveats
  • Supply blocks, unpowered buildings, or Contaminate may cause inaccurate times.
  • Supply counts are checked every 10 seconds.